 Dungeon Crawl Stone Soup version 0.27-a0-1188-g73eefd5def (webtiles) character file.

Game seed: 4243707408493850044

14689 kae the Severer (level 12, -11/112 HPs)
             Began as a Hill Orc Fighter on May 21, 2021.
             Was an Elder of Makhleb.
             Mangled by a white ugly thing (25 damage)
             ... summoned by an orange crystal statue
             ... on level 11 of the Dungeon.
             The game lasted 00:13:31 (15452 turns).

kae the Severer (Hill Orc Fighter)                 Turns: 15452, Time: 00:13:32

Health: -11/112    AC:  9    Str: 30    XL:     12   Next: 19%
Magic:  19/19      EV: 11    Int:  8    God:    Makhleb [****..]
Gold:   1224       SH:  0    Dex: 16    Spells: 11/11 levels left

rFire    . . .     SeeInvis .   F - +6 battleaxe (flame)
rCold    . . .     Faith    .   (shield currently unavailable)
rNeg     . . .     Spirit   .   C - +0 scale mail
rPois    .         Reflect  .   r - +0 helmet
rElec    .         Harm     .   o - +0 cloak
rCorr    .         Rampage  .   (no gloves)
Will     .....                  (no boots)
Stlth    ..........             (no amulet)
HPRegen  0.28/turn              D - +6 ring of strength
MPRegen  0.16/turn              z - +6 ring of dexterity

@: no status effects
A: no striking features
a: Renounce Religion, Minor Destruction, Lesser Servant of Makhleb, Major
Destruction


You were on level 11 of the Dungeon.
You worshipped Makhleb.
Makhleb was greatly pleased with you.
You visited 2 branches of the dungeon, and saw 12 of its levels.

You collected 1888 gold pieces.
You spent 664 gold pieces at shops.

Inventory:

Hand Weapons
 a - a +6 vorpal war axe
 b - a +2 war axe of flaming
 F - a +6 battleaxe of flaming (weapon)
Missiles
 i - 13 atropa-tipped darts (quivered)
 s - 3 boomerangs of dispersal
Armour
 c - a +0 kite shield
 o - a +0 cloak (worn)
 r - a +0 helmet (worn)
 C - a +0 scale mail (worn)
Jewellery
 u - the ring of Shadows {Umbra +Inv Stlth+}
   (You found it on level 4 of the Dungeon)

   [ring of stealth]

   It lets you turn invisible.
   It makes you more stealthy.
 z - a +6 ring of dexterity (right hand)
 D - a +6 ring of strength (left hand)
 I - a ring of protection from cold
Wands
 y - a wand of acid (6)
 B - a wand of flame (27)
 H - a wand of polymorph (11)
Scrolls
 e - 13 scrolls of identify
 g - 2 scrolls of fog
 l - a scroll of fear
 A - 3 scrolls of amnesia
 E - 2 scrolls of magic mapping
 G - a scroll of silence
Potions
 d - 4 potions of might
 f - 6 potions of curing
 h - 3 potions of mutation
 j - a potion of degeneration
 k - 2 potions of lignification
 m - 2 potions of cancellation
 n - 4 potions of heal wounds
 p - 2 potions of ambrosia
 q - 3 potions of brilliance
 t - 3 potions of invisibility
 v - a potion of berserk rage
 w - a potion of magic
 x - 3 potions of haste
 J - a potion of attraction


   Skills:
 + Level 12.2 Fighting
 * Level 17.1 Axes
 + Level 4.6 Armour
 + Level 2.1 Dodging
 - Level 3.2 Shields
 + Level 10.4 Invocations


You had 11 spell levels left.
You didn't know any spells.
Your spell library contained the following spells:

 Spells                   Type           Power      Damage    Failure   Level
 Animate Skeleton         Necr           0%         N/A       65%         1
 Apportation              Tloc           0%         N/A       65%         1
 Corona                   Hex            0%         N/A       65%         1
 Sting                    Tmut/Pois      0%         1d3       65%         1
 Summon Small Mammal      Summ           0%         N/A       65%         1
 Poisonous Vapours        Pois/Air       0%         N/A       78%         2
 Slow                     Hex            0%         N/A       78%         2
 Ignite Poison            Fire/Tmut/Pois 0%         N/A       95%         3
 Inner Flame              Hex/Fire       0%         N/A       95%         3
 Lesser Beckoning         Tloc           0%         N/A       95%         3
 Mephitic Cloud           Conj/Pois/Air  0%         N/A       95%         3
 Portal Projectile        Hex/Tloc       0%         N/A       95%         3
 Tukima's Dance           Hex            0%         N/A       95%         3
 Cause Fear               Hex            0%         N/A       100%        4
 Leda's Liquefaction      Hex/Erth       0%         N/A       100%        4
 Olgreb's Toxic Radiance  Pois           0%         N/A       100%        4
 Alistair's Intoxication  Tmut/Pois      0%         N/A       100%        5
 Invisibility             Hex            0%         N/A       100%        6


Dungeon Overview and Level Annotations

Branches:
Dungeon (11/15)            Temple (1/1) D:5            Lair (0/6) D:11
    Orc (0/2) D:11

Altars:
Ashenzari
Cheibriados
Dithmenos
Elyvilon
Fedhas
Gozag
Hepliaklqana
Kikubaaqudgha
Makhleb
Nemelex Xobeh
Okawaru
Qazlal
Ru
Sif Muna
Trog
Uskayaw
Vehumet
Wu Jian
Xom
Yredelemnul
Zin
The Shining One

Shops:
D:1 *(   D:2 ?*   D:3 [   D:7 ?   D:8 (

Annotations:
D:5 1 runed translucent door, st0uf's ghost, weakling GrDe
D:10 3 runed translucent doors, PeterLawrence's ghost, journeyman MiFi
D:11 exclusion: orange crystal statue


Message History

Okay, then.
Unknown command.
Press: ? - help, . - travel You can't see that place. [the floor.]
Okay, then.
Okay, then.
Okay, then.
Really walk into a travel-excluded area?
Okay, then.
There is a stone staircase leading down here.
Really walk into a travel-excluded area?
The orange crystal statue glitters.
Found 2 scrolls of identify, a brightly glowing jade ring and a buckler.
Unknown command.
You barely miss the two-headed ogre. You barely miss the two-headed ogre.
The two-headed ogre closely misses you.
The two-headed ogre hits you with a +0 giant club!
You slice the two-headed ogre!! You burn the two-headed ogre.
The two-headed ogre is severely wounded.
The two-headed ogre hits you with a +0 giant club!! x2
You are too injured to fight recklessly!
You are too injured to fight recklessly!
You are too injured to fight recklessly!
You are too injured to fight recklessly!
You are too injured to fight recklessly!
You slice the two-headed ogre!! You burn the two-headed ogre.
You kill the two-headed ogre!
The two-headed ogre's corpse dissolves into shadows!
You barely miss the white ugly thing.
The white ugly thing tentacle-slaps you.
The white ugly thing freezes you!!
* * * LOW HITPOINT WARNING * * *
As you read the scroll of fear, it crumbles to dust.
You assume a fearsome visage.
The white ugly thing looks frightened!
There is a stone staircase leading down here.
The white ugly thing tentacle-slaps you.
* * * LOW HITPOINT WARNING * * *
The white ugly thing freezes you!!
You die...

############# #...........#
#.#########.## #.# ###
#..############ ##.####.##
#.............#####
#........###.................#
#..####......@..>........###.#
#..# #..###..u#########.# #.#
#..# #...)....# #####.###.#
#..# ##.###..## ###..u...##.#
#..#####.###..###....###..##(#
#................)}$......##.#
#.######<.......(888?.##......
#.# ##..#.....}888=.###....#
#.# ###.........?888[.# #.####


You could see a white ugly thing (summoned).

Vanquished Creatures
  A boulder beetle (D:8)
  4 two-headed ogres
  A cyclops (D:11)
  2 manticores
  An elephant (D:11)
  Maurice (D:10)
  A gargoyle (D:10)
  2 hornets
  3 trolls (D:11)
  Sigmund (D:5)
  3 wyverns
  A wraith (D:9)
  11 yaks (D:11)
  2 basilisks (D:11)
  A steam dragon (D:6)
  2 vampire mosquitoes (D:10)
  2 acid dragons
  2 water moccasins (D:8)
  4 orc warriors
  3 ice beasts
  A black bear (D:5)
  A sky beast (D:3)
  3 ogres
  2 centaurs
  3 phantoms
  2 kobold brigands (D:8)
  6 scorpions
  3 bullfrogs (D:8)
  A gnoll sergeant (D:9)
  2 troll zombies (D:11)
  A water moccasin skeleton (D:4)
  8 killer bees
  5 wights (D:8)
  4 howler monkeys (D:7)
  6 centaur zombies
  3 jellies
  Crazy Yiuf (D:2)
  A bullfrog skeleton (D:5)
  2 orc priests
  2 hounds (D:6)
  2 gnoll shamans
  2 centaur skeletons
  Natasha (D:2)
  2 iguanas
  7 orc wizards
  3 killer bee zombies
  6 ogre zombies (D:11)
  A howler monkey zombie (D:8)
  Robin (D:2)
  11 adders
  14 gnolls
  2 white imps
  3 ufetubi (D:5)
  A worm (D:2)
  16 orcs
  10 ball pythons
  5 endoplasms
  2 giant cockroaches
  14 goblins
  8 hobgoblins
  9 jackals (D:1)
  4 quokkas
  11 bats
  A frilled lizard (D:1)
  2 goblin skeletons (D:11)
  2 goblin zombies (D:11)
  A hobgoblin skeleton (D:11)
  5 hobgoblin zombies (D:11)
  17 kobolds
  An orc skeleton (D:11)
  14 orc zombies (D:11)
  2 rats
285 creatures vanquished.

Vanquished Creatures (collateral kills)
  Grinder (D:4)
  A scorpion (D:4)
2 creatures vanquished.

Vanquished Creatures (others)
  A fungus (D:4)
  5 plants
6 creatures vanquished.

Grand Total: 293 creatures vanquished

Notes
Turn   | Place    | Note
-------+----------+-------------------------------------------
     0 | D:1      | kae the Hill Orc Fighter began the quest for the Orb.
     0 | D:1      | Reached XP level 1. HP: 19/19 MP: 1/1
    39 | D:1      | Reached skill level 3 in Axes
   248 | D:1      | Reached XP level 2. HP: 13/27 MP: 2/2
   446 | D:1      | Found Pain's Antique Weapon Boutique.
   496 | D:1      | Reached skill level 4 in Axes
   500 | D:1      | Reached XP level 3. HP: 31/33 MP: 3/3
   543 | D:1      | Found a faded altar of an unknown god.
   731 | D:1      | Found Qecy's Assorted Antiques.
   801 | D:1      | Bought 2 fuming yellow potions for 48 gold pieces
  1122 | D:2      | Found Natycikk's General Store.
  1129 | D:2      | Bought a potion of curing for 30 gold pieces
  1129 | D:2      | Bought a scroll of identify for 20 gold pieces
  1180 | D:2      | Found a shimmering altar of Xom.
  1231 | D:2      | Noticed Robin
  1263 | D:2      | Killed Robin
  1264 | D:2      | Reached skill level 5 in Axes
  1264 | D:2      | Reached XP level 4. HP: 26/41 MP: 4/4
  1512 | D:2      | Found Limn's Magic Scroll Emporium.
  1512 | D:2      | Noticed Natasha
  1517 | D:2      | Killed Natasha
  1668 | D:2      | Found a runed translucent door.
  1669 | D:2      | Noticed Crazy Yiuf
  1943 | D:2      | HP: 1/40 [Crazy Yiuf/+4 quarterstaff of chaos (15)]
  2309 | D:3      | Found Yxtuot Lue's Antique Armour Shoppe.
  2383 | D:3      | Reached XP level 5. HP: 22/47 MP: 5/5
  2580 | D:3      | Reached skill level 5 in Fighting
  2580 | D:3      | Reached skill level 6 in Axes
  2735 | D:3      | Noticed a sky beast
  2753 | D:3      | HP: 2/48 [something (6)]
  2763 | D:3      | Killed a sky beast
  2764 | D:3      | Reached skill level 7 in Axes
  2764 | D:3      | Reached XP level 6. HP: 15/56 MP: 6/6
  3606 | D:2      | Killed Crazy Yiuf
  3763 | D:1      | Bought a fuming orange potion for 24 gold pieces
  3763 | D:1      | Bought a coppery potion for 24 gold pieces
  3830 | D:4      | Noticed Grinder
  3843 | D:4      | Killed Grinder
  3844 | D:4      | Reached skill level 8 in Axes
  3844 | D:4      | Reached XP level 7. HP: 54/63 MP: 7/7
  4235 | D:4      | Reached skill level 9 in Axes
  4283 | D:4      | Found the +7 Singing Sword {vorpal, sonic wave}
  4339 | D:4      | Reached XP level 8. HP: 61/73 MP: 8/8
  4593 | D:4      | Found the ring of Shadows {Umbra +Inv Stlth+}
  4659 | D:4      | Found a sacrificial altar of Ru.
  4909 | D:1      | Bought a blue potion for 24 gold pieces
  4909 | D:1      | Bought a scroll labelled KODUZUHEOM for 27 gold pieces
  5001 | D:5      | Entered Level 5 of the Dungeon
  5127 | D:5      | Reached skill level 10 in Axes
  5230 | D:5      | Found a bloodstained altar of Trog.
  5283 | D:5      | Found a glowing silver altar of Zin.
  5293 | D:5      | Found a runed translucent door.
  5301 | D:5      | Noticed st0uf's ghost (weakling GrDe)
  5349 | D:5      | Found a glowing golden altar of the Shining One.
  5464 | D:5      | Noticed Sigmund
  5473 | D:5      | Killed Sigmund
  5565 | D:5      | Identified a scroll of acquirement
  5565 | D:5      | Acquired 1171 gold pieces
  5845 | D:5      | Found a staircase to the Ecumenical Temple.
  5967 | D:5      | Reached skill level 11 in Axes
  6136 | Temple   | Entered the Ecumenical Temple
  6247 | Temple   | Became a worshipper of Makhleb the Destroyer
  6384 | D:6      | Reached skill level 1 in Invocations
  6807 | D:6      | Reached XP level 9. HP: 53/82 MP: 10/10
  7212 | D:6      | Reached skill level 12 in Axes
  7542 | D:6      | Found a blossoming altar of Fedhas.
  7687 | D:7      | Found Vevvepno's Magic Scroll Boutique.
  8093 | D:7      | Reached * piety under Makhleb
  8182 | D:7      | Bought a scroll of identify for 20 gold pieces
  8182 | D:7      | Bought a scroll of identify for 20 gold pieces
  8182 | D:7      | Bought a scroll of identify for 20 gold pieces
  8182 | D:7      | Bought a scroll of identify for 20 gold pieces
  8182 | D:7      | Bought a scroll of enchant weapon for 75 gold pieces
  8182 | D:7      | Bought a scroll of enchant weapon for 75 gold pieces
  8794 | D:8      | Found a hide-covered altar of Uskayaw.
  8796 | D:8      | Found Rilloic's Hydra Hut.
  8809 | D:8      | Reached skill level 13 in Axes
  8809 | D:8      | Reached skill level 5 in Invocations
  8858 | D:8      | Noticed an eight-headed hydra
  8861 | D:8      | Bought a +2 war axe of flaming for 237 gold pieces
  8889 | D:8      | Noticed a boulder beetle
  8912 | D:8      | HP: 4/84 [boulder beetle (21)]
  9371 | D:8      | Reached XP level 10. HP: 92/92 MP: 14/14
  9483 | D:8      | Killed a boulder beetle
  9484 | D:8      | Reached skill level 10 in Fighting
  9484 | D:8      | Reached skill level 14 in Axes
  9937 | D:8      | Reached ** piety under Makhleb
 10721 | D:9      | Found a shimmering altar of Xom.
 10721 | D:9      | Found a shimmering altar of Xom.
 10721 | D:9      | Found a shimmering altar of Xom.
 10721 | D:9      | Found a shimmering altar of Xom.
 10721 | D:9      | Found a shimmering altar of Xom.
 10721 | D:9      | Noticed a skeletal warrior
 10721 | D:9      | Noticed a skeletal warrior
 10758 | D:9      | Found a shimmering altar of Xom.
 10758 | D:9      | Noticed a skeletal warrior
 10899 | D:9      | Paralysed by a hornet for 2 turns
 11600 | D:9      | Found a broken altar of Ashenzari.
 11723 | D:9      | Reached skill level 15 in Axes
 11802 | D:10     | Entered Level 10 of the Dungeon
 11916 | D:10     | Noticed a two-headed ogre
 11923 | D:10     | Killed a two-headed ogre
 11924 | D:10     | Reached XP level 11. HP: 18/102 MP: 17/17
 12262 | D:10     | Found an iron altar of Okawaru.
 12263 | D:10     | Found a runed translucent gate.
 12263 | D:10     | Found a runed translucent gate.
 12711 | D:10     | Noticed a manticore
 12719 | D:10     | Killed a manticore
 13155 | D:10     | Found a hazy altar of Hepliaklqana.
 13214 | D:10     | Noticed Maurice
 13227 | D:10     | Killed Maurice
 13585 | D:10     | Found a runed translucent gate.
 13592 | D:10     | Noticed PeterLawrence's ghost (journeyman MiFi)
 14124 | D:11     | Reached skill level 16 in Axes
 14179 | D:11     | Noticed a two-headed ogre
 14184 | D:11     | Killed a two-headed ogre
 14217 | D:11     | Reached *** piety under Makhleb
 14235 | D:11     | Found a staircase to the Orcish Mines.
 14402 | D:11     | Noticed a two-headed ogre
 14408 | D:11     | Killed a two-headed ogre
 14589 | D:11     | Noticed an orange crystal statue
 14644 | D:11     | Reached skill level 1 in Dodging
 14768 | D:11     | Noticed a two-headed ogre
 14775 | D:11     | Killed a two-headed ogre
 14776 | D:11     | Reached skill level 10 in Invocations
 14811 | D:11     | Reached XP level 12. HP: 112/112 MP: 19/19
 14914 | D:11     | Reached skill level 17 in Axes
 15099 | D:11     | Found a staircase to the Lair.
 15211 | D:11     | Reached **** piety under Makhleb
 15429 | D:11     | Noticed a two-headed ogre
 15452 | D:11     | Mangled by a white ugly thing

Illustrated notes

Levels and vault maps discovered:
D:1:      matt_arrival_spirals, layout_rooms, serial_shops, shop, shop_coins,
          basic_ecumenical_altar
D:2:      layout_loops_ring, serial_rivers, chequers_serial_rivers_micro_d,
          chequers_serial_rivers_micro_a, chequers_serial_rivers_micro_e,
          chequers_serial_rivers_micro_d, chequers_serial_rivers_room_b,
          basic_altar, serial_shops, shop, shop_scrolls, uniq_natasha,
          uniq_robin, uniq_crazy_yiuf_cottage
D:3:      minmay_general_purpose_star, layout_loops_ring, serial_shops,
          shop_statue, hangedman_decor_points
D:4:      old_forge, layout_gridville, marbit_many_paths, corner_web_ring,
          uniq_grinder
D:5:      layout_basic, kennysheep_little_box, lemuel_round_altar,
          nicolae_tso_carved_into_rock, minmay_temple_entry_poolview,
          ebering_ghost_reflecting_pool, uniq_sigmund
D:6:      layout_loops_corners, fedhas_altar_4,
          minmay_fractal_squares_diagonal_5
D:7:      layout_cave_pools, serial_shops, nicolae_shop_stone
D:8:      layout_cave_pools, lemuel_crystal_altar, doesnt_shop_hydraphobe
D:9:      layout_loops_ring, ashenzari_conservatory_becter, xom_shifter_show
D:10:     layout_layer_cave, okawaru_metal_pillars_1_2,
          nicolae_hepliaklqana_hippocampus, gammafunk_ghost_spectres,
          uniq_maurice
D:11:     layout_loops_ring, david_lair_generic, zombieorc2_lemuel,
          minivault_24, kennysheep_decorative_pillar, minmay_protected_statue
Temple:   nicolae_temple_x_marks_the_god

Skill      XL: |  1  2  3  4  5  6  7  8  9 10 11 12 |
---------------+-------------------------------------+-----
Axes           | 3 4 5 7 8 9 11 13 15 16 17 | 17.1
Fighting       | 4 5 6 7 8 9 11 12 | 12.2
Invocations    | 2 5 8 10 | 10.4
Dodging        | 1 2 |  2.1
Armour         | 4 |  4.6
Shields        | |  3.2

Action                   |  1- 3 |  4- 6 |  7- 9 | 10-12 || total
-------------------------+-------+-------+-------+-------++-------
Melee: War axe           |   103 |   102 |   283 |   106 ||   594
       Unarmed           |       |     1 |       |       ||     1
       Battleaxe         |       |       |       |   169 ||   169
Invok: Minor Destruction |       |       |       |    35 ||    35
Evoke: Wand              |       |       |       |    21 ||    21
  Use: Scroll            |     5 |     4 |    21 |     7 ||    37
       Potion            |       |     2 |     1 |       ||     3
 Stab: Held in net/web   |       |       |     1 |       ||     1
Armor: Scale mail        |    53 |    42 |   161 |    84 ||   340
       Skin              |       |       |     4 |    19 ||    23
Dodge: Dodged            |    50 |    15 |    99 |    90 ||   254
Block: Kite shield       |    70 |    50 |   143 |    78 ||   341

Table legend: (Time is in decaauts)
 A = Elapsed time spent in this place.
 B = Non-inter-level travel time spent in this place.
 C = Inter-level travel time spent in this place.
 D = Time resting spent in this place.
 E = Time spent auto-exploring this place.
 F = Levels seen in this place.
 G = Mean time per level.
                   A        B        C        D        E       F      G
               +--------+--------+--------+--------+--------+-----+--------+
         Total |  15591 |  14972 |    619 |   2187 |  10994 |  12 | 1299.2 |
       Dungeon |  15469 |  14860 |    609 |   2187 |  10944 |  11 | 1406.3 |
        Temple |    121 |    112 |      9 |      0 |     50 |   1 |  121.0 |
               +--------+--------+--------+--------+--------+-----+--------+

Top non-repeatable levels by time:
    D:10: 2233 daAuts
     D:9: 1741 daAuts
     D:6: 1711 daAuts
     D:2: 1480 daAuts
     D:3: 1437 daAuts
    D:11: 1398 daAuts
     D:8: 1384 daAuts
     D:5: 1218 daAuts
     D:1: 1143 daAuts
     D:4: 1055 daAuts
     D:7: 664 daAuts
  Temple: 121 daAuts
